 Dungeon Crawl Stone Soup version 0.14-a0-1585-g835621a (webtiles) character file.

359 PolkaDot the Ruinous (level 5, 0/52 HPs)
             Began as a Vampire Conjurer on Dec 22, 2013.
             Succumbed to a worker ant's poison
             ... on Level 4 of the Dungeon.
             The game lasted 00:11:44 (3133 turns).

PolkaDot the Ruinous (Vampire Conjurer)             Turns: 3133, Time: 00:11:44

HP   0/52        AC 22     Str  7      XL: 5   Next: 36%
MP   4/9         EV  1     Int 23      God:
Gold 175         SH  0     Dex 19      Spells:  3 memorised,  2 levels left

rFire  . . .     SeeInvis +     f - +0 spear
rCold  . . .     Clarity  .     a - melded +0 robe
rNeg   + + +     Conserve .     (no shield)
rPois  +         rCorr    .     (no helmet)
rElec  .         rRot     .     (cloak currently unavailable)
SustAb . .       Spirit   .     (gloves currently unavailable)
rMut   .         Warding  .     (boots currently unavailable)
Saprov . . .     NoTele   +     (no amulet)
                                (no ring)
                                d - cursed ring of protection from magic {unknown}

@: tree-form, brilliant, agile, mildly poisoned, very slightly contaminated,
quite resistant to hostile enchantments, very stealthy
A: (fangs 0), see invisible, (unbreathing)
a: Bat Form


You were on level 4 of the Dungeon.
You were not thirsty.
You were an animated tree.
You visited 1 branch of the dungeon, and saw 4 of its levels.

You collected 175 gold pieces.

Inventory:

Hand weapons
 f - a +0,+0 spear (weapon)
Armour
 a - a +0 robe (melded)
Scrolls
 b - a scroll of random uselessness {unknown}
 g - 2 scrolls of fog {unknown}
 h - a scroll of teleportation {unknown}
 i - 2 scrolls of identify {unknown}
 k - a scroll of immolation {unknown}
 o - a scroll of magic mapping {unknown}
 p - 2 scrolls of remove curse {unknown}
 q - a scroll of enchant weapon I {unknown}
 r - a scroll of enchant weapon II {unknown}
Jewellery
 d - a cursed ring of protection from magic (left branch) {unknown}
Potions
 l - a potion of brilliance
Books
 c - a book of Conjurations

   Spells                             Type                      Level
   *Magic Dart                        Conjuration                  1
   *Searing Ray                       Conjuration                  2
   Dazzling Spray                     Conjuration/Hexes            3
   Iskenderun's Mystic Blast          Conjuration                  4
   Iskenderun's Battlesphere          Conjuration/Charms           4
   Fulminant Prism                    Conjuration/Hexes            5
 m - a book of Air

   Spells                             Type                      Level
   Shock                              Conjuration/Air              1
   Swiftness                          Charms/Air                   2
   Repel Missiles                     Charms/Air                   2
   Flight                             Charms/Air                   3
   *Static Discharge                  Conjuration/Air              3
   Lightning Bolt                     Conjuration/Air              5


   Skills:
 - Level 2.1 Dodging
 - Level 3.0 Stealth
 - Level 2.4 Spellcasting
 + Level 4.9 Conjurations


You had 2 spell levels left.
You knew the following spells:

 Your Spells              Type           Power        Failure   Level  Hunger
a - Magic Dart            Conj           ####         1%          1    N/A
s - Searing Ray           Conj           #####.       1%          2    N/A
z - Static Discharge      Conj/Air       ####....     1%          3    N/A

Dungeon Overview and Level Annotations

Branches:
Dungeon (4/16)
 Temple: D:4-7

Altars:
Kikubaaqudgha
Nemelex Xobeh


Innate Abilities, Weirdness & Mutations

((You have razor-sharp teeth.))*
You have supernaturally acute eyesight.
((You can survive without breathing.))*


Message History

Confirm with . or Enter, or press ? or * to list all spells.
Aiming: Searing Ray
Press: ? - help, Shift-Dir - straight line, f - worker ant
Aim: a worker ant (moderately wounded)
The searing ray hits the worker ant.
The worker ant is moderately wounded.
The worker ant bites you but does no damage.
The searing ray hits the worker ant.
The worker ant is heavily wounded.
* * * LOW HITPOINT WARNING * * *
You feel sick.
The worker ant bites you but does no damage.
The searing ray hits the worker ant.
The worker ant is almost dead.
The worker ant completely misses you.
The searing ray hits the worker ant.
You kill the worker ant!
The searing ray hits the worm.
You kill the worm!
You die...

... .....###### ############.#
.. #......### ..........##.#
#... #........##
...........#.###...##..P..P...#
.........w........##...P......#
##%...#......####.##....#P....#
.............## #.##...###....#
..............###.#.P........P#
...............%♣.............#
######........###...##.._..##P#
######....#...###.#.#.......#.#
..................#.#########.#
#####...###...#####...........#
#####...###....#####.....######
..............._.........#
###...######...######....#
#...# #.########...##


There were no monsters in sight!

Vanquished Creatures
  A worker ant (D:4)
  Jessica (D:2)
  6 adders
  A worm (D:4)
  2 giant geckos
  6 orcs (D:3)
  A ball python (D:1)
  6 giant cockroaches
  7 hobgoblins
  7 kobolds
  3 quokkas
  12 bats
  8 giant newts
  6 goblins
  8 jackals
  7 rats
82 creatures vanquished.

Notes
Turn   | Place    | Note
--------------------------------------------------------------
     0 | D:1      | PolkaDot, the Vampire Conjurer, began the quest for the Orb.
     0 | D:1      | Reached XP level 1. HP: 13/13 MP: 3/3
   402 | D:1      | Reached XP level 2. HP: 19/19 MP: 5/5
   451 | D:1      | Learned a level 2 spell: Searing Ray
  1309 | D:2      | Reached XP level 3. HP: 24/24 MP: 6/6
  1338 | D:2      | Noticed Jessica
  1358 | D:2      | Killed Jessica
  1745 | D:2      | Reached skill level 4 in Conjurations
  1745 | D:2      | Reached XP level 4. HP: 23/30 MP: 4/8
  1985 | D:2      | Learned a level 3 spell: Static Discharge
  2657 | D:3      | Reached XP level 5. HP: 30/35 MP: 5/9
  3030 | D:4      | Found an ancient bone altar of Kikubaaqudgha.
  3063 | D:4      | Found a sparkling altar of Nemelex Xobeh.
  3124 | D:4      | HP: 1/35 [worker ant (4)]
  3129 | D:4      | HP: 2/52 [poisoned by a worker ant]
  3133 | D:4      | Succumbed to a worker ant's poison

Action                   |  1- 3 |  4- 6 || total
-------------------------+-------+-------++-------
Melee: Spear             |    87 |    78 ||   165
 Cast: Magic Dart        |    17 |     3 ||    20
       Searing Ray       |     7 |    12 ||    19
  Use: Potion            |     1 |     5 ||     6
 Stab: Sleeping          |     3 |     3 ||     6
